 Dungeon Crawl Stone Soup version 0.20-a0-864-g92acfd1 (webtiles) character file.

3635 DaddyBuck the Protected (level 10, -2/77 HPs)
             Began as a Barachi Fighter on Mar 12, 2017.
             Was an Initiate of Wu Jian.
             Killed by divine providence
             ... invoked by an orc priest
              (13 damage)
             ... on level 8 of the Dungeon.
             The game lasted 00:34:10 (9478 turns).

DaddyBuck the Protected (Barachi Fighter)           Turns: 9478, Time: 00:34:11

Health: -2/77      AC: 20    Str: 21    XL:     10   Next: 11%
Magic:  10/10      EV: 10    Int:  8    God:    Wu Jian [......]
Gold:   364        SH: 10    Dex: 12    Spells: 3/9 levels left

rFire    . . .     SeeInvis .   F - +5 flail (holy)
rCold    . . .     Gourm    +   a - +1 plate armour
rNeg     . . .     Faith    .   c - +0 shield
rPois    .         Spirit   .   H - +1 hat
rElec    .         Reflect  .   r - +0 cloak
rCorr    .         Harm     .   (no gloves)
MR       .....                  (no boots)
Stlth    ..........             e - amulet of the gourmand
Regen    0.3/turn               E - +2 ring of evasion
MPRegen  0.2/turn               t - +3 ring of protection

@: drained, slow
A: +LOS, swims, slowness 1, strong legs 1
a: Hop, Renounce Religion


You were on level 8 of the Dungeon.
You worshipped Wu Jian.
Wu Jian was noncommittal.
You were not hungry.

You visited 2 branches of the dungeon, and saw 9 of its levels.

You collected 364 gold pieces.

Inventory:

Hand Weapons
 F - a +5 flail of holy wrath (weapon)
Armour
 a - a +1 plate armour (worn)
 c - a +0 shield (worn)
 r - a +0 cloak (worn)
 H - a +1 hat (worn)
Magical Staves
 y - an uncursed staff of fire {unknown}
 A - an uncursed staff of earth {unknown}
Jewellery
 e - an amulet of the gourmand (around neck)
 t - a +3 ring of protection (left hand)
 z - an uncursed ring of protection from fire
 E - a +2 ring of evasion (right hand)
Wands
 p - a wand of confusion (26/48)
Scrolls
 h - a scroll of immolation
 i - 10 scrolls of remove curse
 j - 2 scrolls of teleportation
 o - 2 scrolls of magic mapping
 C - 2 scrolls of recharging
Potions
 l - 4 potions of brilliance
 m - a potion of curing
 q - 2 potions of lignification
 s - a potion of cancellation
 u - a potion of degeneration {unknown}
 v - a potion of mutation {unknown}
 B - a potion of haste {unknown}
Books
 d - a book of Power

   Spells                             Type                      Level
   a - Iskenderun's Battlesphere      Conjuration/Charms           5
   b - Venom Bolt                     Conjuration/Poison           5
   c - Bolt of Magma                  Conjuration/Fire/Earth       5
   d - Iron Shot                      Conjuration/Earth            6
   e - Orb of Destruction             Conjuration                  7
   f - Spellforged Servitor           Conjuration/Summoning        7
 g - a book of Air

   Spells                             Type                      Level
   a - Shock                          Conjuration/Air              1
   b - Swiftness                      Charms/Air                   2
   c - Static Discharge               Conjuration/Air              3
   d - Airstrike                      Air                          4
   e - Lightning Bolt                 Conjuration/Air              5
Comestibles
 f - 2 bread rations
 w - 3 meat rations
 x - a fruit


   Skills:
 + Level 6.5(6.4) Fighting
   Level 5.8 Short Blades
 + Level 6.7(6.6) Maces & Flails
 - Level 8.2(8.1) Armour
 - Level 8.0(7.9) Dodging
 + Level 6.3(6.2) Shields


You had 3 spell levels left.
You knew the following spells:

 Your Spells              Type           Power        Failure   Level  Hunger
a - Lightning Bolt        Conj/Air       #.........   100%        5    ######.
b - Shock                 Conj/Air       #...         100%        1    ##.....


Dungeon Overview and Level Annotations

Branches:
Dungeon (8/15)             Temple (1/1) D:6
   Lair: D:8-11

Altars:
Cheibriados
Dithmenos
Gozag
Hepliaklqana
Kikubaaqudgha
Makhleb
Nemelex Xobeh
Okawaru
Qazlal
Ru
Sif Muna
Uskayaw
Vehumet
Wu Jian
Xom
Zin
The Shining One

Shops:
D:5 =

Annotations:
D:8 Gastronok, Maurice


Innate Abilities, Weirdness & Mutations

Shadows flee at your approach. (+LOS)
You can swim through water.
You cover ground slowly.
You can hop short distances.


Message History

You sock the orc!
You kill the orc!
The Council accepts your kill.
You feel less invigorated.
You feel less confused. The warg bites you.
* * * LOW HITPOINT WARNING * * *
You block the warg's attack. You block the giant cockroach's attack.
The orc hits you but does no damage. The orc closely misses you.
The warg bites you.
* * * LOW HITPOINT WARNING * * *
The bullfrog hits you but does no damage.
You block the orc's attack. The warg bites you but does no damage.
The orc hits you but does no damage. The bullfrog closely misses you.
The warg closely misses you. The warg bites you.
* * * LOW HITPOINT WARNING * * *
You block the giant cockroach's attack.
The orc priest invokes the aid of Beogh against you.
Beogh smites you!
You die...

... #.# ## #.#
..##o# # #.#... #
##.##.#..# .#
........##.#####.
#...oF........
#os@#.# #.hh..#
#.o[..# #...###
#...# # #...# #
#...# #...# #
#######...######
#


You could see 2 wargs, a bullfrog, an orc priest, 3 orcs and a giant cockroach.

Vanquished Creatures
  The ghost of jujuben the Impaler, a novice MfGl of Fedhas (D:7)
  Prince Ribbit (D:7)
  A hippogriff (D:7)
  Edmund (D:6)
  Duvessa (D:7)
  A phantom (D:6)
  2 ice beasts
  2 orc warriors (D:7)
  3 ogres
  2 centaurs
  2 bullfrogs (D:7)
  Dowan (D:7)
  2 scorpions
  6 killer bees (D:7)
  2 howler monkeys
  5 crimson imps
  A bullfrog zombie (D:7)
  4 hounds
  3 orc priests
  A centaur skeleton (D:5)
  A bullfrog skeleton (D:8)
  Terence (D:2)
  4 orc wizards
  8 worker ants
  A hound skeleton (D:7)
  A worker ant zombie (D:6)
  11 adders
  2 shadow imps
  3 oozes
  2 adder zombies
  2 worms
  2 dart slugs
  4 leopard geckos
  25 orcs
  A ball python (D:1)
  2 bats (D:3)
  11 giant cockroaches
  6 hobgoblins
  5 kobolds
  3 quokkas
  4 frilled lizards
  12 goblins
  2 quokka skeletons
  7 rats
162 creatures vanquished.

Notes
Turn   | Place    | Note
-------+----------+-------------------------------------------
     0 | D:1      | DaddyBuck the Barachi Fighter began the quest for the Orb.
     0 | D:1      | Reached XP level 1. HP: 18/18 MP: 1/1
     8 | D:1      | Noticed an iguana
     8 | D:1      | Noticed a hog
     8 | D:1      | Noticed an anaconda
   235 | D:1      | Reached XP level 2. HP: 22/25 MP: 2/2
   677 | D:1      | Reached XP level 3. HP: 29/30 MP: 3/3
   980 | D:1      | Reached skill level 1 in Dodging
  1442 | D:2      | Found a hide-covered altar of Uskayaw.
  1445 | D:2      | Noticed Terence
  1471 | D:2      | Killed Terence
  1471 | D:2      | Reached XP level 4. HP: 21/37 MP: 4/4
  1763 | D:2      | Found a sacrificial altar of Ru.
  2157 | D:3      | Reached XP level 5. HP: 42/42 MP: 5/5
  2420 | D:3      | Found a glowing golden altar of the Shining One.
  3350 | D:4      | Reached XP level 6. HP: 13/49 MP: 6/6
  3745 | D:4      | Found a shadowy altar of Dithmenos.
  3922 | D:4      | Reached skill level 5 in Armour
  4038 | D:5      | Entered Level 5 of the Dungeon
  4114 | D:5      | Noticed an ice beast
  4130 | D:5      | Killed an ice beast
  4130 | D:5      | Reached skill level 5 in Fighting
  4130 | D:5      | Reached skill level 5 in Shields
  4130 | D:5      | Reached XP level 7. HP: 24/56 MP: 7/7
  5005 | D:5      | Found Ixuodira's Jewellery Shoppe.
  5056 | D:5      | Reached skill level 5 in Short Blades
  5056 | D:5      | Reached skill level 5 in Dodging
  5221 | D:5      | Reached XP level 8. HP: 61/62 MP: 8/8
  5553 | D:6      | Found an ancient bone altar of Kikubaaqudgha.
  5596 | D:6      | Noticed Edmund
  5627 | D:6      | Killed Edmund
  5744 | D:6      | Reached skill level 1 in Maces & Flails
  6008 | D:6      | Found a radiant altar of Vehumet.
  6175 | D:6      | Found a staircase to the Ecumenical Temple.
  6182 | Temple   | Entered the Ecumenical Temple
  6269 | Temple   | Became a worshipper of the Wu Jian Council
  6497 | D:7      | Noticed Prince Ribbit
  6532 | D:7      | Killed Prince Ribbit
  6532 | D:7      | Reached XP level 9. HP: 40/68 MP: 9/9
  6629 | D:7      | Noticed jujuben's ghost (novice MfGl)
  6647 | D:7      | Killed jujuben's ghost
  7154 | D:7      | Reached skill level 5 in Maces & Flails
  7205 | D:7      | Noticed Dowan
  7219 | D:7      | Killed Dowan
  7333 | D:7      | Noticed Duvessa
  7344 | D:7      | Killed Duvessa
  8578 | D:7      | Reached XP level 10. HP: 56/76 MP: 10/10
  9157 | D:7      | Learned a level 5 spell: Lightning Bolt
  9159 | D:7      | Learned a level 1 spell: Shock
  9414 | D:8      | Found a burning altar of Makhleb.
  9416 | D:8      | Noticed Gastronok
  9456 | D:8      | Noticed Maurice
  9457 | D:8      | Noticed a two-headed ogre
  9478 | D:8      | Killed from afar by an orc priest

Vault maps used:
D:1:      onia_arrival_zoo_common
D:2:      lemuel_doored_altar, hangedman_ru_absence, minmay_unequal,
          uniq_terence
D:3:      nicolae_tso_carved_into_rock, minmay_misc_feat_rows,
          nicolae_underground_beach
D:4:      first_bread, grunt_dithmenos_shadows
D:5:      serial_shops, shop_statue
D:6:      kiku_gazebo_pond_becter, minmay_temple_entry_glassed_door,
          basic_altar, minmay_misc_feat_five, minmay_misc_feat_room, uniq_edmund
D:7:      uniq_duvessa, uniq_prince_ribbit1
D:8:      lemuel_crystal_altar, makhleb_heckhound_becter,
          erik_lair_orcish_takeover, serial_shops, shop, grunt_livestock,
          uniq_maurice, uniq_gastronok
Temple:   minmay_temple_curvy_loop

Skill      XL: |  1  2  3  4  5  6  7  8  9 10 |
---------------+-------------------------------+-----
Dodging        | 1 2 3 5 6 8 |  8.0
Armour         | 4 5 6 8 |  8.2
Fighting       | 4 5 6 |  6.5
Shields        | 4 5 6 |  6.3
Short Blades   | 3 5 |  5.8
Maces & Flails | 3 6 |  6.7

Action                   |  1- 3 |  4- 6 |  7- 9 | 10-12 || total
-------------------------+-------+-------+-------+-------++-------
Melee: Rapier            |   120 |   223 |   178 |       ||   521
       Flail             |       |       |   222 |    82 ||   304
  Use: Scroll            |     2 |       |    12 |     5 ||    19
       Potion            |     1 |     2 |     3 |     3 ||     9
  Eat: Chunk             |     2 |    10 |    28 |     1 ||    41
Armor: Scale mail        |    44 |     2 |       |       ||    46
       Ring mail         |       |    89 |   132 |     6 ||   227
       Plate armour      |       |       |       |    41 ||    41
Dodge: Dodged            |    35 |    77 |   186 |    52 ||   350
Block: Shield            |    57 |    92 |   175 |    40 ||   364
